 Dungeon Crawl Stone Soup version 0.19.0-11-g3fc08b3 (console) character file.

156 Gottschkopf the Insei (level 5, -5/40 HPs)
             Began as a Draconian Transmuter on Nov 8, 2016.
             Killed from afar by an orc wizard (11 damage)
             ... with a magic dart
             ... on level 3 of the Dungeon.
             The game lasted 00:07:04 (2564 turns).

Gottschkopf the Insei (Draconian Transmuter)        Turns: 2564, Time: 00:07:04

Health: -5/40      AC:  2    Str: 12    XL:     5   Next: 15%
Magic:  2/8        EV: 19    Int: 13    God:
Gold:   79         SH:  0    Dex: 18    Spells: 3 memorised, 2 levels left

rFire  . . .     SeeInvis .       - Unarmed
rCold  + . .     Gourm    .     (armour unavailable)
rNeg   . . .     Faith    .     (shield currently unavailable)
rPois  x         Spirit   .     (helmet currently unavailable)
rElec  .         Reflect  .     (cloak currently unavailable)
rCorr  .         Harm     .     (gloves currently unavailable)
MR     .....                    (boots currently unavailable)
Stlth  ++........               (no amulet)
                                (no ring)
                                a - ring of protection from cold

@: spider-form, very slightly contaminated
A: unfitting armour, (cold-blooded), AC +5
a: End Transformation


You were on level 3 of the Dungeon.
You were hungry.
You were a venomous arachnid creature.
You visited 1 branch of the dungeon, and saw 3 of its levels.

You collected 79 gold pieces.

Inventory:

Hand Weapons
 b - a +0 blowgun
Missiles
 k - 20 arrows
 s - 20 poisoned needles
Jewellery
 a - a ring of protection from cold (left front leg)
Wands
 q - a wand of disintegration (11/24)
 u - a wand of confusion (23/48)
Scrolls
 e - 4 scrolls of teleportation {unknown}
 h - a scroll of fear {unknown}
 m - 2 scrolls of remove curse {unknown}
 n - 3 scrolls of identify {unknown}
Potions
 f - a potion of might {unknown}
 g - a potion of cure mutation {unknown}
 i - 2 potions of curing {unknown}
 j - 2 potions of heal wounds {unknown}
 l - 2 potions of ambrosia {unknown}
 p - a potion of agility {unknown}
 r - a potion of berserk rage {unknown}
Books
 t - a book of Changes

   Spells                             Type                      Level
   a - Beastly Appendage              Transmutation                1
   b - Sticks to Snakes               Transmutation                2
   c - Spider Form                    Transmutation/Poison         3
   d - Ice Form                       Ice/Transmutation            4
   e - Blade Hands                    Transmutation                5
Comestibles
 c - a bread ration
 d - a slice of pizza
 o - 8 chunks of flesh


   Skills:
 - Level 1.1 Fighting
 - Level 1.7 Dodging
 - Level 4.2 Unarmed Combat
 - Level 2.0 Spellcasting
 + Level 3.8 Transmutations
 - Level 2.0 Poison Magic


You had 2 spell levels left.
You knew the following spells:

 Your Spells              Type           Power        Failure   Level  Hunger
a - Beastly Appendage     Tmut           ##....       21%         1    ##.....
b - Sticks to Snakes      Tmut           ##......     24%         2    ###....
c - Spider Form           Tmut/Pois      #.........   50%         3    ####...


Dungeon Overview and Level Annotations

Branches:
Dungeon (3/15)

Altars:


Innate Abilities, Weirdness & Mutations

((Your plain brown scales are hard. (AC +5)))
You cannot fit into any form of body armour.
((You are cold-blooded and may be slowed by cold attacks.))


Message History

* * * LOW HITPOINT WARNING * * *
The worm barely misses you.
You bite the worm!
The worm is poisoned.
The worm is almost dead.
Something hits you but does no damage. The worm closely misses you.
You hit the worm.
You kill the worm!
Something hits you.
* * * LOW HITPOINT WARNING * * *
Found 15 bolts.
You see here a worm corpse.
You butcher the worm corpse.
You hear some strange, mumbled words.
A puff of frost appears from out of thin air!
The puff of frost misses you.
You see here a chunk of flesh.
You hear some strange, mumbled words.
A magic dart appears from out of thin air!
The magic dart hits you!
You die...

#............#######.###.#.####
#......................#.#.# #
#.......##.............#.#.####
#.......##.............#.#.....
#.......##†................###.
##########...............#.#...
#...............#.#.##
#...).......).....#...
#....s...........#####
######%..........#
#.............# #.............#
#.............# #.............#
..............# #.(...####..
#.....# ..


There were no monsters in sight!

Vanquished Creatures
  Ijyb (D:3)
  5 adders
  3 worms (D:3)
  A dart slug (D:1)
  2 leopard geckos
  3 orcs (D:3)
  5 bats
  4 giant cockroaches
  11 goblins
  4 hobgoblins
  5 jackals (D:1)
  12 kobolds
  3 quokkas
  2 ball pythons (D:1)
  3 frilled lizards (D:2)
  2 rats
66 creatures vanquished.

Notes
Turn   | Place    | Note
-------+----------+-------------------------------------------
     0 | D:1      | Gottschkopf the Draconian Transmuter began the quest for the Orb.
     0 | D:1      | Reached XP level 1. HP: 16/16 MP: 3/3
    97 | D:1      | Reached XP level 2. HP: 23/23 MP: 5/5
   107 | D:1      | Learned a level 2 spell: Sticks to Snakes
   392 | D:1      | Reached skill level 4 in Unarmed Combat
   737 | D:2      | Reached XP level 3. HP: 28/28 MP: 4/6
   754 | D:2      | Learned a level 3 spell: Spider Form
   790 | D:2      | Reached skill level 1 in Poison Magic
  1626 | D:2      | Reached XP level 4. HP: 35/35 MP: 3/7
  1944 | D:3      | Noticed Ijyb
  1964 | D:3      | Killed Ijyb
  2363 | D:3      | Reached XP level 5. HP: 40/40 MP: 8/8
  2564 | D:3      | Killed from afar by an orc wizard

Skill      XL: |  1  2  3  4 |
---------------+-------------+-----
Unarmed Combat | 4 |  4.2
Poison Magic   | 2 |  2.0
Transmutations | 3 |  3.8
Fighting       | |  1.1
Dodging        | |  1.7
Spellcasting   | |  2.0

Action                   |  1- 3 |  4- 6 || total
-------------------------+-------+-------++-------
Melee: Unarmed           |   119 |   113 ||   232
       Headbutt          |     7 |     7 ||    14
       Tailslap          |    10 |     6 ||    16
       Kick              |     8 |     6 ||    14
       Punch             |     2 |     2 ||     4
 Cast: Beastly Appendage |    28 |    13 ||    41
       Spider Form       |     1 |     3 ||     4
  Eat: Chunk             |     2 |       ||     2
       Bread ration      |       |     1 ||     1
Armor: Skin              |    40 |    27 ||    67
Dodge: Dodged            |    70 |    72 ||   142
